 Dungeon Crawl Stone Soup version 0.17.1-3-g152610e (webtiles) character file.

24206 Grim the Carver (level 12, -7/107 HPs)
             Began as a Minotaur Fighter on Feb 29, 2016.
             Was an Elder of the Shining One.
             Mangled by riffraff's ghost (25 damage)
             ... on level 3 of the Lair of Beasts on Mar 1, 2016.
             The game lasted 00:37:34 (18388 turns).

Grim the Carver (Minotaur Fighter)                 Turns: 18388, Time: 00:37:34

Health: -7/107     AC: 16    Str: 21    XL:     12   Next: 78%
Magic:  11/11      EV: 13    Int:  5    God:    the Shining One [****..]
Gold:   778        SH: 12    Dex: 20    Spells: 0 memorised, 11 levels left

rFire  + . .     SeeInvis .     E - +2 falchion
rCold  . . .     Clarity  .     N - +0 plate armour
rNeg   + + .     SustAt   .     c - +0 shield
rPois  .         Gourm    .     (helmet restricted)
rElec  .         Spirit   .     (no cloak)
rCorr  .         Warding  .     F - +0 pair of gloves
rMut   .         Stasis   .     (no boots)
MR     +....                    (no amulet)
Stlth  ..........               R - ring of protection from magic
                                a - ring of protection from fire

@: agile, glowing, somewhat resistant to hostile enchantments, extremely
unstealthy
A: retaliatory headbutt, horns 2
a: Divine Shield, Cleansing Flame, Renounce Religion


You were on level 3 of the Lair of Beasts.
You worshipped the Shining One.
The Shining One was greatly pleased with you.
You were hungry.

You visited 3 branches of the dungeon, and saw 16 of its levels.

You collected 778 gold pieces.

Inventory:

Hand Weapons
 E - a +2 falchion (weapon)
Missiles
 v - a throwing net (quivered)
Armour
 c - a +0 shield (worn)
 F - a +0 pair of gloves (worn)
 N - a +0 plate armour (worn)
Jewellery
 a - a ring of protection from fire (left hand)
 P - an uncursed ring of positive energy
 R - a ring of protection from magic (right hand)
 V - an uncursed ring of protection from fire
Wands
 g - a wand of enslavement (7)
 q - a wand of enslavement (15)
 x - a wand of digging (1)
 y - a wand of frost (7)
 U - a wand of fire (2)
Scrolls
 f - 2 scrolls of remove curse
 h - 6 scrolls of immolation
 i - 3 scrolls of magic mapping
 k - 3 scrolls of fear {unknown}
 l - 4 scrolls of amnesia
 m - 3 scrolls of fog {unknown}
 o - 2 scrolls of noise {unknown}
 r - a scroll of enchant armour {unknown}
 s - a scroll of random uselessness {unknown}
 G - 2 scrolls of recharging {unknown}
 L - a scroll of enchant weapon {unknown}
 Q - 3 scrolls of blinking {unknown}
Potions
 n - a potion of cancellation
 p - 11 potions of curing
 t - 2 potions of agility
 u - 3 potions of degeneration {!q}
 w - 3 potions of flight
 z - 2 potions of resistance
 A - 3 potions of brilliance
 C - a potion of lignification
 M - a potion of mutation {!q}
Comestibles
 b - 3 royal jellies
 e - 4 bread rations
 j - 3 meat rations
 B - 6 fruits
 I - 10 slices of pizza
 K - 9 beef jerkies


   Skills:
 - Level 10.3 Fighting
 - Level 14.3 Long Blades
 - Level 11.1 Armour
 - Level 12.0 Dodging
 + Level 9.6 Shields


You had 11 spell levels left.
You didn't know any spells.

Dungeon Overview and Level Annotations

Branches:
Dungeon (12/15)            Temple (1/1) D:4            Lair (3/8) D:11
    Orc (0/4) D:9
  Swamp: Lair:3-6    Shoals: Lair:3-6     Snake: Lair:3-6    Spider: Lair:3-6

Altars:
Ashenzari
Cheibriados
Dithmenos
Elyvilon
Fedhas
Gozag
Kikubaaqudgha
Makhleb
Nemelex Xobeh
Okawaru
Qazlal
Ru
Sif Muna
Trog
Vehumet
Xom
Yredelemnul
Zin
The Shining One

Shops:
D:6 !   D:10 (

Annotations:
D:10 exclusion: obsidian statue
Lair:3 riffraff's ghost, journeyman MiFi; riffraff's ghost, journeyman TrMo


Innate Abilities, Weirdness & Mutations

You reflexively headbutt those who attack you in melee.
You have a pair of horns on your head.


Message History

You hit riffraff's ghost but do no damage.
Riffraff's ghost is moderately damaged.
Riffraff's ghost closely misses you.
You hit riffraff's ghost but do no damage.
Riffraff's ghost is moderately damaged.
Riffraff's ghost hits you but does no damage.
You hit riffraff's ghost but do no damage.
Your headbutt misses riffraff's ghost.
Riffraff's ghost is moderately damaged.
You hit riffraff's ghost but do no damage.
Your headbutt misses riffraff's ghost.
Riffraff's ghost is moderately damaged.
Riffraff's ghost hits you!!
* * * LOW HITPOINT WARNING * * *
You hit riffraff's ghost but do no damage.
Riffraff's ghost is moderately damaged.
Riffraff's ghost hits you.
* * * LOW HITPOINT WARNING * * *
Riffraff's ghost hits you!!
You die...

P..... .P##...... ## ..#......#
..##.. .........####.##....
..................._
.....................
............(..........
........................
........@W............... ).
......................... ....
##........#P.##........#
#...#####.#.....###.P#........#
#..#.....##..<.##....#........#
.#........#.....##.............#
#...#......#....##..............
#.........#....##...##........#
#.........#....#....#..........


You could see riffraff's ghost.

Vanquished Creatures
  The ghost of urm the Grappler, a journeyman TrAr of Nemelex Xobeh (Lair:1)
  A hydra (Lair:1)
  The ghost of Tynka the Unseen, a novice KoAs of Okawaru (D:11)
  The ghost of Grim the Basher, a novice OgGl of Cheibriados (D:6)
  2 unseen horrors
  Pikel (D:4)
  A hill giant (D:10)
  An ugly thing (D:11)
  A cyclops (D:12)
  A manticore (D:12)
  2 centaur zombies
  A centaur skeleton (D:10)
  A gargoyle (D:11)
  3 spiny frogs
  A komodo dragon (Lair:2)
  2 two-headed ogres
  15 blink frogs
  3 trolls
  16 yaks
  A wraith (D:12)
  A basilisk (Lair:2)
  A wyvern (D:12)
  A shadow (D:12)
  Eustachio (D:5)
  8 wolves (Lair:2)
  A human (D:7)
  A hog (D:7)
  3 hippogriffs
  2 hungry ghosts
  A soldier ant (D:11)
  Edmund (D:5)
  3 porcupines
  4 water moccasins
  Duvessa (D:6)
  5 orc warriors
  A sky beast (D:7)
  4 black bears
  A swamp drake (D:9)
  3 ice beasts
  A necrophage (D:9)
  6 ogres
  3 crocodiles
  A wasp (D:11)
  3 phantoms
  4 centaurs
  2 big kobolds
  12 giant frogs
  Blork the orc (D:6)
  Dowan (D:6)
  A gnoll sergeant (D:7)
  A wyvern skeleton (D:10)
  A water moccasin skeleton (D:9)
  4 scorpions
  7 wights
  An electric eel (D:11)
  3 crimson imps
  A giant frog zombie (D:8)
  A jelly (D:11)
  7 orc wizards
  4 iguanas
  6 orc priests
  A quasit (D:11)
  2 giant frog skeletons
  7 hounds
  5 worker ants
  7 sheep
  A hound zombie (D:11)
  14 gnolls
  20 river rats
  13 adders
  4 shadow imps
  2 oozes
  An adder skeleton (D:4)
  42 orcs
  2 ball pythons
  5 giant cockroaches
  5 goblins
  7 hobgoblins
  3 jackals (D:1)
  7 bats
  9 giant geckos
  A giant gecko zombie (D:5)
  4 giant newts
  A jackal skeleton (D:4)
  19 kobolds
  3 quokkas
  11 rats
366 creatures vanquished.

Vanquished Creatures (others)
  A deep elf mage (D:11)
  A scorpion (D:4)
  An ooze (D:4)
  7 fungi
  3 plants
13 creatures vanquished.

Grand Total: 379 creatures vanquished

Notes
Turn   | Place    | Note
--------------------------------------------------------------
     0 | D:1      | Grim the Minotaur Fighter began the quest for the Orb.
     0 | D:1      | Reached XP level 1. HP: 19/19 MP: 0/0
   555 | D:1      | Reached XP level 2. HP: 23/26 MP: 1/1
   919 | D:2      | Found a faded altar to an unknown god.
  1084 | D:2      | Reached skill level 4 in Long Blades
  1295 | D:2      | Reached XP level 3. HP: 27/31 MP: 2/2
  1377 | D:2      | Found a basalt altar of Yredelemnul.
  2009 | D:3      | Reached skill level 5 in Long Blades
  2009 | D:3      | Reached XP level 4. HP: 8/39 MP: 3/3
  2666 | D:3      | Reached skill level 6 in Long Blades
  2988 | D:4      | Reached XP level 5. HP: 45/45 MP: 4/4
  3139 | D:4      | Noticed a giant frog
  3147 | D:4      | Killed a giant frog
  3147 | D:4      | Reached skill level 7 in Long Blades
  3226 | D:4      | Found a blossoming altar of Fedhas.
  3237 | D:4      | Found a glowing silver altar of Zin.
  3240 | D:4      | Found a snail-covered altar of Cheibriados.
  3240 | D:4      | Found a deep blue altar of Sif Muna.
  3291 | D:4      | Found a staircase to the Ecumenical Temple.
  3301 | D:4      | Reached XP level 6. HP: 38/51 MP: 5/5
  3422 | Temple   | Entered the Ecumenical Temple
  3552 | D:4      | Reached skill level 8 in Long Blades
  3579 | D:4      | Noticed a slave
  3580 | D:4      | Noticed a slave
  3580 | D:4      | Noticed a slave
  3586 | D:4      | Noticed Pikel
  3588 | D:4      | Noticed a slave
  3603 | D:4      | Killed Pikel
  3603 | D:4      | Reached skill level 10 in Long Blades
  3603 | D:4      | Reached XP level 7. HP: 23/57 MP: 6/6
  4138 | D:4      | Reached skill level 11 in Long Blades
  4159 | D:5      | Entered Level 5 of the Dungeon
  4200 | D:5      | Noticed Eustachio
  4232 | D:5      | Killed Eustachio
  4232 | D:5      | Reached XP level 8. HP: 10/64 MP: 7/7
  4823 | D:5      | Noticed Edmund
  4836 | D:5      | Killed Edmund
  4939 | D:5      | Reached skill level 12 in Long Blades
  5505 | D:6      | Found a sacrificial altar of Ru.
  5541 | D:6      | Found Vuboidogu's Distillery.
  5589 | D:6      | Noticed Blork the orc
  5606 | D:6      | Killed Blork the orc
  5695 | D:6      | Found a glowing golden altar of the Shining One.
  5706 | D:6      | Became a worshipper of the Shining One
  5927 | D:6      | Found a shattered altar of Ashenzari.
  5930 | D:6      | Noticed Duvessa
  5933 | D:6      | Noticed Dowan
  5960 | D:6      | Killed Duvessa
  5960 | D:6      | Reached skill level 13 in Long Blades
  5967 | D:6      | Killed Dowan
  6594 | D:6      | Noticed Grim's ghost (novice OgGl)
  6609 | D:6      | Killed Grim's ghost
  6609 | D:6      | Reached skill level 14 in Long Blades
  6609 | D:6      | Reached XP level 9. HP: 26/70 MP: 8/8
  6919 | D:7      | Reached skill level 5 in Fighting
  7080 | D:7      | Found an iron altar of Okawaru.
  7357 | D:7      | Reached * piety under the Shining One
  7586 | D:7      | Found a burning altar of Makhleb.
  7942 | D:8      | Reached XP level 10. HP: 89/91 MP: 9/9
  8182 | D:8      | Reached skill level 10 in Fighting
  8607 | D:8      | Found a radiant altar of Vehumet.
  8766 | D:9      | Reached skill level 5 in Armour
  8993 | D:9      | Found a shimmering altar of Xom.
  9184 | D:9      | Found a staircase to the Orcish Mines.
  9680 | D:9      | Reached ** piety under the Shining One
  9805 | D:9      | Found an opulent altar of Gozag.
 10215 | D:10     | Entered Level 10 of the Dungeon
 10233 | D:10     | Noticed an obsidian statue
 10236 | D:10     | Noticed a soul eater
 10578 | D:10     | Found Dammer's Antique Weapon Boutique.
 10640 | D:10     | Noticed an unseen horror
 10642 | D:10     | Killed an unseen horror
 10642 | D:10     | Reached skill level 10 in Armour
 10953 | D:10     | Noticed a hill giant
 10971 | D:10     | Killed a hill giant
 10971 | D:10     | Reached XP level 11. HP: 41/101 MP: 10/10
 11735 | D:11     | Reached skill level 1 in Dodging
 11786 | D:11     | Noticed Tynka's ghost (novice KoAs)
 11810 | D:11     | Killed Tynka's ghost
 12075 | D:11     | Reached skill level 5 in Dodging
 12276 | D:11     | Reached *** piety under the Shining One
 12328 | D:11     | Found a stormy altar of Qazlal.
 12568 | D:11     | Found a staircase to the Lair.
 13746 | D:12     | Noticed an unseen horror
 13754 | D:12     | Killed an unseen horror
 13770 | D:12     | Reached skill level 10 in Dodging
 14311 | Lair:1   | Entered Level 1 of the Lair of Beasts
 14326 | Lair:1   | Noticed urm's ghost (journeyman TrAr)
 14332 | Lair:1   | Reached XP level 12. HP: 107/107 MP: 11/11
 14353 | Lair:1   | Killed urm's ghost
 14377 | Lair:1   | Noticed a six-headed hydra
 14442 | Lair:1   | Killed an 11-headed hydra
 14655 | Lair:1   | Reached **** piety under the Shining One
 16265 | Lair:2   | Reached skill level 5 in Shields
 17105 | Lair:3   | Noticed riffraff's ghost (journeyman TrMo)
 17570 | Lair:3   | HP: 1/160 [riffraff's ghost (23)]
 18045 | Lair:3   | Noticed riffraff's ghost (journeyman MiFi)
 18069 | Lair:3   | Noticed an eight-headed hydra
 18348 | Lair:3   | Found an ancient bone altar of Kikubaaqudgha.
 18388 | Lair:3   | Mangled by riffraff's ghost

Action                   |  1- 3 |  4- 6 |  7- 9 | 10-12 || total
-------------------------+-------+-------+-------+-------++-------
Melee: Long sword        |    99 |   138 |    75 |       ||   312
       Falchion          |       |       |   299 |  1034 ||  1333
Evoke: Wand              |       |       |       |     2 ||     2
  Use: Potion            |       |       |     1 |     6 ||     7
       Scroll            |       |       |     2 |    12 ||    14
 Stab: Sleeping          |       |       |     1 |       ||     1
  Eat: Chunk             |     3 |     6 |     9 |    18 ||    36
       Bread ration      |       |       |     2 |     4 ||     6
